 Dungeon Sprint DCSS version 0.27.1-33-g824d729ab1 (webtiles) character file.

Game seed: 14777821118486424875

58 Groucho the Skirmisher (level 3, -1/36 HPs)
             Began as a Minotaur Fighter on Nov 27, 2021.
             Slain by a water moccasin (7 damage)
             ... in the Dungeon (Sprint IX: "|||||||||||||||||||||||||||||").
             The game lasted 00:01:09 (51 turns).

Groucho the Skirmisher (Minotaur Fighter)             Turns: 51, Time: 00:01:09

Health: -1/36      AC:  7    Str: 20    XL:     3   Next: 75%
Magic:  2/2        EV:  8    Int:  5    God:
Gold:   0          SH: 10    Dex: 10    Spells: 2/2 levels left

rFire    . . .     SeeInvis .   a - +0 long sword
rCold    . . .     Faith    .   c - +0 kite shield
rNeg     . . .     Spirit   .   b - +0 scale mail
rPois    .         Reflect  .   (helmet restricted)
rElec    .         Harm     .   (no cloak)
rCorr    .         Rampage  .   (no gloves)
Will     .....     NoTele   +   (no boots)
Stlth    ..........             (no amulet)
HPRegen  0.12/turn              (no ring)
MPRegen  0.08/turn              (no ring)

@: lit by a corona, glowing
A: horns 2, retaliatory headbutt
a: no special abilities


You were in the Dungeon.
You visited 1 branch

Inventory:

Hand Weapons
 a - a +0 long sword (weapon)
Armour
 b - a +0 scale mail (worn)
 c - a +0 kite shield (worn)
Scrolls
 j - a scroll of blinking
Potions
 d - a potion of might
 g - a potion of haste
 h - 2 potions of magic
 i - a potion of berserk rage


   Skills:
 + Level 5.3 Fighting
 + Level 4.5 Long Blades
 + Level 5.3 Armour
 + Level 3.3 Dodging
 + Level 5.3 Shields


You had 2 spell levels left.
You didn't know any spells.
Your spell library was empty.

Dungeon Overview and Level Annotations

Branches:
Dungeon (1/1)

Altars:


Innate Abilities, Weirdness & Mutations

You have a pair of horns on your head.
You reflexively headbutt those who attack you in melee.


Message History

You hit the gnoll shaman.
The gnoll shaman is almost dead.
The gnoll shaman hits you with a +0 club.
You closely miss the gnoll shaman.
The gnoll shaman is almost dead.
The gnoll shaman hits you but does no damage.
You hit the gnoll shaman but do no damage.
You headbutt the gnoll shaman.
You kill the gnoll shaman!
The water moccasin closely misses you.
The hound stops to sniff the ground.
Your Fighting skill increases to level 5!
Your Armour skill increases to level 5!
Your Dodging skill increases to level 3!
Your Shields skill increases to level 5!
Unknown command.
Unknown command.
You closely miss the water moccasin.
Your headbutt misses the water moccasin.
The water moccasin barely misses you. You block the water moccasin's attack.
You barely miss the water moccasin. You headbutt the water moccasin.
The water moccasin is lightly wounded.
The water moccasin bites you!
You are lethally poisoned!
The water moccasin poisons you! The water moccasin bites you!
* * * LOW HITPOINT WARNING * * *
You barely miss the water moccasin.
Your headbutt misses the water moccasin.
The water moccasin is lightly wounded.
* * * LOW HITPOINT WARNING * * *
You feel very sick. The water moccasin barely misses you.
The water moccasin bites you but does no damage.
You feel better. The water moccasin bites you.
* * * LOW HITPOINT WARNING * * *
You block the water moccasin's attack.
You hit the water moccasin.
The water moccasin is lightly wounded.
The water moccasin bites you!
You die... ▓▓▓▓▓▓▓▓▓▓▓▓▓▓▓▓▓▓ +...hoS@....)...<▓ ▓▓▓▓▓▓▓▓▓▓▓▓▓▓▓▓▓▓

You could see a water moccasin, a hound and an orc.

Vanquished Creatures
  A gnoll shaman (D)
  An iguana (D)
  2 giant cockroaches (D)
  A quokka (D)
  A ball python (D)
  A kobold (D)
7 creatures vanquished.

Notes
Turn   | Place    | Note
-------+----------+-------------------------------------------
     0 | D        | Groucho the Minotaur Fighter began the quest for the Orb.
     0 | D        | Reached XP level 1. HP: 19/19 MP: 0/0
    16 | D        | Reached skill level 1 in Dodging
    30 | D        | Noticed a hound
    30 | D        | Noticed a water moccasin
    30 | D        | Noticed a gnoll shaman
    30 | D        | Noticed an iguana
    37 | D        | Killed an iguana
    38 | D        | Reached XP level 2. HP: 28/28 MP: 1/1
    38 | D        | Reached XP level 3. HP: 35/35 MP: 2/2
    47 | D        | Reached skill level 5 in Fighting
    47 | D        | Reached skill level 5 in Armour
    47 | D        | Reached skill level 5 in Shields
    49 | D        | HP: 1/36 [poisoned by a water moccasin]
    51 | D        | Slain by a water moccasin

Illustrated notes

Levels and vault maps discovered:
D:        linesprint [early_d, line_temple, items_1, d_10, items_2, lair_1,
          lair_end, items_3, orc_1, orc_end, items_4, d_15, swamp_1, shoals_1,
          snake_1, spider_1, d_20, vaults_1, items_5, swamp_end, shoals_end,
          snake_end, spider_end, vaults_end, d_27, items_6, zot_1, zot_end,
          crypt_end, forest_end, elf_end, slime_end, tomb_end, abyss_end,
          pan_hell_end]

Skill      XL: |  1  2  3 |
---------------+----------+-----
Fighting       | 4 5 |  5.3
Armour         | 4 5 |  5.3
Dodging        | 2 3 |  3.3
Shields        | 4 5 |  5.3
Long Blades    | 4 |  4.5

Action                   || total
-------------------------++-------
Melee: Long sword        ||    33
       Headbutt          ||     6
  Use: Potion            ||     2
Armor: Scale mail        ||     8
Dodge: Dodged            ||    13
Block: Kite shield       ||    14
